 Dungeon Crawl Stone Soup version 0.23.1 (webtiles) character file.

Game seed: 5276921057604601675

142 Kairos the Sneak (level 5, 0/26 HPs)
             Began as a Vine Stalker Assassin on Mar 14, 2019.
             Succumbed to Sigmund's poison
             ... on level 2 of the Dungeon.
             The game lasted 00:03:00 (1471 turns).

Kairos the Sneak (Vine Stalker Assassin)            Turns: 1471, Time: 00:03:01

Health: 0/26       AC:  5    Str: 13    XL:     5   Next: 24%
Magic:  3/6        EV: 12    Int: 11    God:
Gold:   55         SH:  0    Dex: 17    Spells: 4/4 levels left

rFire    . . .     SeeInvis .   i - +2 dagger (holy)
rCold    . . .     Gourm    .   (no shield)
rNeg     . . .     Faith    .   o - +0 leather armour
rPois    .         Spirit   +   (no helmet)
rElec    .         Reflect  .   d - +1 cloak
rCorr    .         Harm     .   (no gloves)
MR       .....                  (no boots)
Stlth    +++.......             (no amulet)
HPRegen  0.48/turn              (no ring)
MPRegen  0.10/turn              (no ring)

@: lethally poisoned (0 -> -7), very slightly contaminated, invisible
A: fangs 2, regeneration 1, magic shield, antimagic bite, no potion heal 3, rot
immunity
a: no special abilities


You were on level 2 of the Dungeon.
You were hungry.

You visited 1 branch of the dungeon, and saw 2 of its levels.

You collected 55 gold pieces.

Inventory:

Hand Weapons
 a - a +2 dagger
 b - a +0 blowgun
 i - a +2 dagger of holy wrath (weapon)
Missiles
 e - 8 poisoned needles
 f - 2 curare-tipped needles
Armour
 d - a +1 cloak (worn)
 o - a +0 leather armour (worn)
Scrolls
 c - a scroll of immolation {unknown}
 p - 2 scrolls of teleportation {unknown}
 q - a scroll of magic mapping {unknown}
Potions
 h - a potion of berserk rage {unknown}
 j - a potion of invisibility
 k - a potion of flight {unknown}
 l - a potion of brilliance {unknown}
 m - a potion of degeneration {unknown}
 n - 2 potions of curing {unknown}
Comestibles
 g - 3 rations


   Skills:
 + Level 2.1 Fighting
 + Level 2.8 Short Blades
 + Level 1.8 Throwing
 + Level 0.2 Armour
 + Level 1.4 Dodging
 + Level 6.7 Stealth


You had 4 spell levels left.
You didn't know any spells.
Your spell library was empty.

Dungeon Overview and Level Annotations

Branches:
Dungeon (2/15)

Altars:
Elyvilon

Annotations:
D:2 Sigmund


Innate Abilities, Weirdness & Mutations

You have extremely sharp teeth.
Your natural rate of healing is unusually fast.
When hurt, damage is shared between your health and your magic reserves.
Your bite disrupts and absorbs the magic of your enemies.
Potions cannot restore your health.
You are immune to rotting.


Message History

* * * LOW HITPOINT WARNING * * *
You are more poisoned.
You hit Sigmund.
Sigmund is lightly wounded.
* * * LOW HITPOINT WARNING * * *
You feel sick.
You hit Sigmund. Your bite misses Sigmund.
Sigmund is lightly wounded.
* * * LOW HITPOINT WARNING * * *
You feel sick. Sigmund casts a spell at you. The puff of flame misses you.
It was a potion of invisibility.
You fade into invisibility!
* * * LOW HITPOINT WARNING * * *
You feel sick. Sigmund barely misses you.
You are very lightly contaminated with residual magic.
* * * LOW HITPOINT WARNING * * *
You feel sick.
You die...

#.#...####.........####
##.##.## ##.......## #
##.#.### ##.....## ##
##.###.## ##...## #.
#.## ##.# ##+## #.
##.###.## #.
#.#.####### #.
#.#.@....# #.
#.#.##@#.# #.
#.#.#.#..# ..@S..@.
#.#..###.# .###.###
#.#.####..# # #....@.#
## ###.#......
#.##.#.## #.. ...# ####
###


You could see Sigmund (wandering).

Vanquished Creatures
  Jessica (D:2)
  Terence (D:2)
  4 adders (D:2)
  A worm (D:2)
  2 leopard geckos (D:1)
  7 bats
  A giant cockroach (D:2)
  9 goblins
  4 hobgoblins
  5 jackals (D:1)
  6 kobolds
  5 frilled lizards
  5 rats
51 creatures vanquished.

Notes
Turn   | Place    | Note
-------+----------+-------------------------------------------
     0 | D:1      | Kairos the Vine Stalker Assassin began the quest for the
                  | Orb.
     0 | D:1      | Reached XP level 1. HP: 11/11 MP: 2/2
    55 | D:1      | Reached skill level 5 in Stealth
   107 | D:1      | Reached skill level 1 in Dodging
   107 | D:1      | Reached XP level 2. HP: 15/15 MP: 3/3
   255 | D:1      | Reached XP level 3. HP: 17/18 MP: 4/4
   339 | D:1      | Reached skill level 6 in Stealth
   861 | D:2      | Noticed Jessica
   884 | D:2      | Killed Jessica
   884 | D:2      | Gained mutation: Your natural rate of healing is unusually
                  | fast. [Vine Stalker growth]
   884 | D:2      | Reached XP level 4. HP: 12/23 MP: 2/5
   934 | D:2      | Found a white marble altar of Elyvilon.
  1184 | D:2      | Noticed Terence
  1188 | D:2      | Killed Terence
  1188 | D:2      | Reached XP level 5. HP: 26/26 MP: 6/6
  1453 | D:2      | Noticed Sigmund
  1471 | D:2      | Succumbed to Sigmund's poison

Skill      XL: |  1  2  3 |
---------------+----------+-----
Stealth        | 5 6 |  6.7
Dodging        | 1 |  1.4
Fighting       | 2 |  2.1
Short Blades   | 2 |  2.8
Throwing       | |  1.8
Armour         | |  0.2

Action                   |  1- 3 |  4- 6 || total
-------------------------+-------+-------++-------
Melee: Dagger            |    98 |    52 ||   150
       Bite              |    24 |    10 ||    34
  Use: Scroll            |     3 |       ||     3
       Potion            |       |     1 ||     1
 Stab: Sleeping          |     2 |     9 ||    11
  Eat: Chunk             |       |     1 ||     1
Armor: Robe              |    23 |       ||    23
       Leather armour    |       |    13 ||    13
Dodge: Dodged            |    54 |    31 ||    85
